 Dungeon Crawl Stone Soup version 0.22.1-1-ga44c0e56f4 (webtiles) character file.

277 Kaderl the Covered (level 6, -6/53 HPs)
             Began as a Hill Orc Fighter on Sept 30, 2018.
             Shot with an arrow by a centaur (13 damage)
             ... on level 5 of the Dungeon.
             The game lasted 00:09:01 (2216 turns).

Kaderl the Covered (Hill Orc Fighter)               Turns: 2216, Time: 00:09:02

Health: -6/53      AC: 10    Str: 20    XL:     6   Next: 26%
Magic:  6/6        EV:  6    Int:  8    God:
Gold:   151        SH: 10    Dex: 11    Spells: 5/5 levels left

rFire    . . .     SeeInvis .   a - +0 flail
rCold    . . .     Gourm    .   c - +1 shield
rNeg     . . .     Faith    .   u - +0 chain mail
rPois    .         Spirit   .   v - +0 helmet
rElec    .         Reflect  .   (no cloak)
rCorr    .         Harm     .   (no gloves)
MR       .....                  (no boots)
Stlth    ..........             (no amulet)
HPRegen  0.17/turn              (no ring)
MPRegen  0.10/turn              (no ring)

@: no status effects
A: no striking features
a: no special abilities


You were on level 5 of the Dungeon.
You were not hungry.

You visited 1 branch of the dungeon, and saw 5 of its levels.

You collected 151 gold pieces.

Inventory:

Hand Weapons
 a - a +0 flail (weapon)
Armour
 c - a +1 shield (worn)
 u - a +0 chain mail (worn)
 v - a +0 helmet (worn)
Jewellery
 g - an uncursed ring of protection from fire
 q - a +5 ring of intelligence
 s - an uncursed ring of protection from fire
Scrolls
 b - a scroll of brand weapon {unknown}
 d - a scroll of blinking {unknown}
 h - 2 scrolls of enchant armour
 i - 3 scrolls of identify
 k - 5 scrolls of noise
 l - a scroll of amnesia {unknown}
 m - a scroll of magic mapping {unknown}
 n - a scroll of remove curse {unknown}
 o - 2 scrolls of fear {unknown}
Potions
 e - a potion of degeneration {unknown}
 p - a potion of agility {unknown}
 r - 2 potions of lignification {unknown}
 t - 2 potions of curing {unknown}
Comestibles
 f - 4 rations


   Skills:
 + Level 4.3 Fighting
 + Level 4.3 Maces & Flails
 + Level 4.6 Armour
 + Level 1.0 Dodging
 + Level 4.6 Shields


You had 5 spell levels left.
You didn't know any spells.
Your spell library was empty.

Dungeon Overview and Level Annotations

Branches:
Dungeon (5/15)
 Temple: D:4-7

Altars:
Hepliaklqana

Shops:
D:5 ?**

Annotations:
D:4 Eustachio


Message History

You block the arrow.
The crimson imp blinks!
The centaur shoots an arrow.
You block the arrow.
The crimson imp blinks!
You see here an arrow.
The centaur shoots an arrow.
The arrow hits you!
* * * LOW HITPOINT WARNING * * *
You see here an arrow.
The crimson imp hits you.
* * * LOW HITPOINT WARNING * * *
The centaur shoots an arrow.
You block the arrow.
You see here an arrow.
The centaur shoots an arrow.
You block the arrow.
The crimson imp blinks!
You see here an arrow.
The crimson imp summons a swarm of flies.
The centaur shoots an arrow.
The arrow hits you but does no damage.
The centaur shoots an arrow.
The arrow barely misses you.
You see here an arrow.
The crimson imp sputters.
The centaur shoots an arrow.
The arrow hits you!
You die...

.....###... ## ####.......##
.##. #.(.........##..... ..
#................. 8.
#................## .## ..
#............#.... .. .#
#............##.#.##.# .#
#......5........#.... .#
#####.####(@..>.##..## .#
#.###....##..#...
.#########(#...##...#.#.# .##
..........(c.()......∩..###.....
...c.####(.........##.#.<.......
.......(.....>..........###.....
.....(..............#...# ###
####....#...........#>..#
###.##...#.........#...#


You could see a centaur and a crimson imp.

Vanquished Creatures
  A bullfrog zombie (D:4)
  An orc priest (D:4)
  A centaur skeleton (D:4)
  An iguana (D:5)
  2 worker ants
  A hound zombie (D:5)
  2 adders
  2 worms (D:2)
  3 leopard geckos
  4 orcs
  A ball python (D:2)
  5 bats
  4 giant cockroaches
  6 goblins
  6 hobgoblins
  6 jackals
  5 kobolds
  8 frilled lizards
  A leopard gecko zombie (D:5)
  12 rats
72 creatures vanquished.

Notes
Turn   | Place    | Note
-------+----------+-------------------------------------------
     0 | D:1      | Kaderl the Hill Orc Fighter began the quest for the Orb.
     0 | D:1      | Reached XP level 1. HP: 19/19 MP: 1/1
   122 | D:1      | Reached XP level 2. HP: 27/27 MP: 2/2
   465 | D:1      | Reached XP level 3. HP: 31/33 MP: 3/3
  1183 | D:2      | Reached XP level 4. HP: 28/40 MP: 4/4
  1319 | D:3      | Found a hazy altar of Hepliaklqana.
  1561 | D:3      | Found a faded altar of an unknown god.
  1674 | D:4      | Noticed Eustachio
  1712 | D:4      | Reached XP level 5. HP: 43/46 MP: 5/5
  1922 | D:4      | Reached skill level 1 in Dodging
  2007 | D:5      | Entered Level 5 of the Dungeon
  2007 | D:5      | Found Alibaig's General Store.
  2063 | D:5      | Reached XP level 6. HP: 34/52 MP: 6/6
  2083 | D:5      | Found Misunwec's Assorted Antiques.
  2083 | D:5      | Found Onaiguoh's Magic Scroll Shoppe.
  2216 | D:5      | Shot with an arrow by a centaur

Skill      XL: |  1  2  3  4  5 |
---------------+----------------+-----
Fighting       | 4 |  4.3
Armour         | 4 |  4.6
Maces & Flails | 3 4 |  4.3
Shields        | 4 |  4.6
Dodging        | 1 |  1.0

Action                   |  1- 3 |  4- 6 || total
-------------------------+-------+-------++-------
Melee: Flail             |   158 |   162 ||   320
  Use: Scroll            |       |     6 ||     6
       Potion            |       |     1 ||     1
  Eat: Ration            |     1 |     1 ||     2
Armor: Scale mail        |    78 |     9 ||    87
       Chain mail        |       |   115 ||   115
Dodge: Dodged            |    65 |    47 ||   112
Block: Shield            |    88 |   151 ||   239
